 Dungeon Crawl Stone Soup version 0.31-a0-222-gefeffbb62a (webtiles) character file.

Game seed: 14471417223333102501

34 qw the Shooter (level 3, -2/21 HPs)
             Began as a Gargoyle Hexslinger on July 4, 2023.
             Killed from afar by Sigmund (5 damage)
             ... with a magic dart
             ... on level 2 of the Dungeon.
             The game lasted 00:00:30 (1149 turns).

qw the Shooter (Gargoyle Hexslinger)                Turns: 1149, Time: 00:00:30

Health: -2/21      AC:  7    Str: 11    XL:     3   Next: 31%
Magic:  4/4        EV: 16    Int: 13    God:
Gold:   44         SH:  0    Dex: 14    Spells: 3/4 levels left

rFire   . . .        Y - +1 sling
rCold   . . .        (no shield)
rNeg    + . .        m - +0 leather armour
rPois   inf          (no helmet)
rElec   +            h - +0 cloak
rCorr   .            (no gloves)
SInv    .            (no boots)
Will    .....        (no amulet)
Stlth   +            b - +5 ring of evasion
HPRegen 0.23/turn    (no ring)
MPRegen 0.09/turn

%: no passive effects
@: no status effects
A: sickness immunity, AC +3, negative energy resistance 1, electricity
resistance, torment resistance 1, petrification resistance
a: no special abilities


You were on level 2 of the Dungeon.
You visited 1 branch of the dungeon, and saw 2 of its levels.

You collected 44 gold pieces.


Innate Abilities, Weirdness & Mutations

You are immune to sickness and miasma.
Your stone body is resilient. (AC +3)
You are immune to poison.
You resist negative energy. (rN+)
You are resistant to electric shocks. (rElec)
You are resistant to unholy torment.
You are immune to petrification.


   Skills:
 - Level 2.1 Fighting
 + Level 3.2 Ranged Weapons
 - Level 1.5 Dodging
 - Level 1.0 Spellcasting
 - Level 2.6 Hexes


You had 3 spell levels left.
You knew the following spells:

 Your Spells              Type           Power      Damage    Failure   Level
a - Slow                  Hex            28%        N/A       12%         1

Your spell library contained the following spells:

 Spells                   Type           Power      Damage    Failure   Level
 Inner Flame              Hex/Fire       4%         N/A       54%         3
 Portal Projectile        Hex/Tloc       8%         N/A       54%         3
 Cause Fear               Hex            3%         N/A       77%         4

Inventory:

Hand Weapons
 Y - a +1 sling (weapon)
Armour
 h - a +0 cloak (worn)
 m - a +0 leather armour (worn)
Jewellery
 b - a +5 ring of evasion (left hand)
 j - a ring of fire
Scrolls
 c - a scroll of enchant weapon {unknown}
 k - a scroll of identify
Potions
 a - a potion of ambrosia {unknown}
 e - a potion of mutation {unknown}
 f - 2 potions of heal wounds {unknown}
 g - a potion of attraction {unknown}

Dungeon Overview and Level Annotations

Branches:
Dungeon (2/15)

Altars:

Annotations:
D:2 Sigmund


Message History

Sigmund the Dreaded comes into view.
He is wielding a +0 scythe.
Sigmund shouts!
Sigmund points at you and mumbles some strange words.
You are confused.
Enter note: Sigmund points at you and mumbles some strange words.
You are more confused.
Sigmund points at you and mumbles some strange words.
The puff of flame misses you.
Sigmund hits you from afar with a +0 scythe!
Sigmund points at you and mumbles some strange words.
The magic dart hits you!
Enter note:
Enter note: Sigmund barely misses you.
You feel less confused. Sigmund casts a spell at you.
You are confused.
Sigmund closely misses you. Sigmund hits you but does no damage.
Sigmund hits you from afar with a +0 scythe.
You feel less confused. Sigmund closely misses you.
Enter note: You start resting.
Sigmund is nearby!
Enter note:
Enter note:
1144 ||| UPGRADING to +5 ring of evasion.
b - a +5 ring of evasion (left hand) Sigmund misses you.
Enter note:
Enter note:
Enter note: You start resting.
Sigmund is nearby!
1149 ||| FLEEEEING.
Sigmund casts a spell at you. The magic dart hits you.
You die...

######### ........#
#@# #.# ##########
#@##### #......... #
#...@.# #.........
..#####.# #.......[.
......#.# #.........
#>...######.........
##........######...)
..........%...##
#....
############...#
#.... ##..####....
#..........


You could see Sigmund.

Vanquished Creatures
  A worm (D:2)
  A dart slug (D:1)
  3 bats
  2 endoplasms
  4 giant cockroaches
  5 hobgoblins
  4 jackals (D:1)
  4 kobolds
24 creatures vanquished.

Notes
Turn   | Place    | Note
-------+----------+-------------------------------------------
     0 | D:1      | qw the Gargoyle Hexslinger began the quest for the Orb.
     0 | D:1      | Reached XP level 1. HP: 12/12 MP: 2/2
     0 | D:1      | 0 ||| qw: Version: 0.3-a-46-gb1f654a
     0 | D:1      | 0 ||| qw: Game counter: 942
     0 | D:1      | 0 ||| qw: Melee chars always use a shield: true
     0 | D:1      | 0 ||| qw: God list: Okawaru
     0 | D:1      | 0 ||| qw: Allow faded altars: false
     0 | D:1      | 0 ||| qw: Do Orc after clearing Dungeon:15 true
     0 | D:1      | 0 ||| qw: Do second Lair branch before Depths: true
     0 | D:1      | 0 ||| qw: Lair rune preference: random
     0 | D:1      | 0 ||| qw: Goals: Normal
     0 | D:1      | 0 ||| PLANNING D:1-11
   314 | D:1      | Reached XP level 2. HP: 10/16 MP: 3/3
   316 | D:1      | 316 ||| FLEEEEING.
   317 | D:1      | 317 ||| FLEEEEING.
   318 | D:1      | 318 ||| FLEEEEING.
   319 | D:1      | 319 ||| FLEEEEING.
   320 | D:1      | 320 ||| FLEEEEING.
   321 | D:1      | 321 ||| FLEEEEING.
   322 | D:1      | 322 ||| FLEEEEING.
   324 | D:1      | 324 ||| FLEEEEING.
   325 | D:1      | 325 ||| FLEEEEING.
   327 | D:1      | 327 ||| FLEEEEING.
   328 | D:1      | 328 ||| FLEEEEING.
   329 | D:1      | 329 ||| FLEEEEING.
   330 | D:1      | 330 ||| FLEEEEING.
   331 | D:1      | 331 ||| FLEEEEING.
   332 | D:1      | 332 ||| FLEEEEING.
   333 | D:1      | 333 ||| FLEEEEING.
   335 | D:1      | 335 ||| FLEEEEING.
   496 | D:1      | Reached skill level 3 in Ranged Weapons
   908 | D:1      | 908 ||| UPGRADING to +0 cloak.
   913 | D:1      | 913 ||| UPGRADING to +0 leather armour.
   923 | D:1      | 923 ||| DROPPING +0 robe.
   924 | D:1      | 924 ||| DROPPING +6 ring of intelligence.
   925 | D:1      | 925 ||| READING scroll labelled MAOSMO TAUCUS.
   926 | D:1      | 926 ||| READING 2 scrolls labelled EROLUI KEGILA.
   927 | D:1      | 927 ||| READING scroll labelled DASEQI ASHREKHYCOOM.
   928 | D:1      | 928 ||| DROPPING scroll of poison.
  1026 | D:2      | Reached XP level 3. HP: 15/21 MP: 4/4
  1124 | D:2      | Noticed Sigmund
  1133 | D:2      | HP: 5/21 [Sigmund/magic dart (9)]
  1140 | D:2      | HP: 1/21 [Sigmund/+0 scythe (6)]
  1144 | D:2      | 1144 ||| UPGRADING to +5 ring of evasion.
  1149 | D:2      | 1149 ||| FLEEEEING.
  1149 | D:2      | Killed from afar by Sigmund

Levels and vault maps discovered:
D:1:      matt_arrival_grand_opening, layout_basic, minmay_pentomino_t4
D:2:      kennysheep_big_flooded_room, layout_basic,
          shapermc_ecumenical_altar_notcrosses, uniq_sigmund

Skill      XL: |  1  2 |
---------------+-------+-----
Ranged Weapons | 3 |  3.2
Fighting       | 2 |  2.1
Dodging        | |  1.5
Spellcasting   | |  1.0
Hexes          | |  2.6

Action                     || total
---------------------------++-------
   Fire: Sling             ||    94
    Use: Scroll            ||     3
 Armour: Robe              ||     8
         Leather armour    ||     4
  Dodge: Dodged            ||    30

Table legend:
 A = Non-vault XP
 B = Vault XP
 C = Vault XP percentage of total XP
 D = Non-vault monster count
 E = Vault monster count
 F = Vault count percentage of total count
                 A         B        C        D         E       F
            +---------+---------+-------+---------+---------+-------
      Total |      39 |      10 |  20.4 |      20 |       4 |  16.7
            +---------+---------+-------+---------+---------+-------
        D:1 |      23 |      10 |  30.3 |      13 |       4 |  23.5
        D:2 |      16 |       0 |   0.0 |       7 |       0 |   0.0
            +---------+---------+-------+---------+---------+-------
